AoeStats
← 白鹿城拉车车

Nomad

503591554Analyzed
1v1 RM · 1mo ago on Sep 1, 2026· 35m 10s· 2 players
Game mode
Random Map
Map size
126×126
Population
200
Speed
Normal
Resources
Standard
Victory
Conquest
Starting age
Dark Age
Ending age
Imperial Age
RankedLock teamsTeams togetherTeam positionsShared explorationLock speedFull tech treeHidden civsTurbo modeCheats
Victory
Defeat
🇨🇳 Spanish · China
978
+24
🇺🇸 Japanese · United States
934
-14
白鹿城拉车车
10:34 Loom
14:10 Feudal Age
14:33 Man-at-Arms
15:59 Scale Mail Armor
16:46 Double-Bit Axe
20:25 Fletching
24:06 Castle Age
24:57 Fishing Lines
25:40 Bow Saw
25:44 Gillnets
26:29 Bodkin Arrow
28:57 Padded Archer Armor
30:52 Leather Archer Armor
36:24 Wheelbarrow
Jalen Pheonix
6:53 Loom
14:25 Feudal Age
14:38 Man-at-Arms
18:36 Gold Mining
20:34 Arson
20:59 Fishing Lines
27:27 Castle Age
26:43 Stone Mining
28:46 Squires
28:58 Elite Skirmisher
Connection lost

Rejoining the realm…

Still unreachable

The connection could not be restored.

Session expired

The server has moved on; the page needs a fresh start.